Map: Crimson Court LE

Players

Nyck - Winner!

  • Race: Terran Terran
  • League: Silver
  • Spawn Location: 1:00

FOB

  • Race: Zerg Zerg
  • League: Silver
  • Spawn Location: 7:00

VOD

Have the link to the VOD?

Description

Time

  • Played on: Oct. 9, 2024, 4:36 p.m.
  • Length: 3:08
Show
View Real Time Build Order
Export as new Build Order

Nyck Terran - Winner!

Build Orders:  

Get SALT Encoding   

  12  0:00  SCV  
  13  0:12  SCV  
  14  0:17  Supply Depot  
  14  0:24  SCV  
  15  0:39  SCV  
  15  0:41  Barracks  
  16  0:49  Barracks  
  16  0:52  SCV  
  17  1:05  SCV  
  18  1:14  Barracks  
  18  1:17  SCV  
  19  1:28  Supply Depot  
  19  1:29  Orbital Command  
  19  1:34  Marine  
  19  1:37  Marine  
  21  1:52  Marine  
  22  1:58  Marine  
  23  2:06  Marine  
  24  2:10  Supply Depot, Marine  
  25  2:16  Marine  
  25  2:17  SCV  
  27  2:24  Marine  
  27  2:28  Marine  
  29  2:30  Barracks  
  29  2:34  Marine  
  29  2:37  SCV  
  29  2:41  Marine  
  29  2:44  Supply Depot  
  31  2:45  Marine  
  32  2:56  Refinery  
  34  3:06  Supply Depot  
  34  3:07  Refinery  
Show
View Real Time Build Order
Export as new Build Order

FOB Zerg 

Build Orders: Hatch First 

Get SALT Encoding   

  12  0:00  Drone  
  13  0:12  Overlord  
  13  0:23  Drone  
  14  0:31  Drone x2  
  16  0:51  Drone, Hatchery  
  16  0:55  Drone  
  17  0:59  Drone  
  18  1:09  Extractor  
  17  1:14  Spawning Pool  
  17  1:18  Drone  
  17  1:20  Drone  
  18  1:28  Drone  
  19  1:39  Drone  
  20  1:50  Drone  
  21  2:03  Queen x2  
  21  2:04  Zergling x4  
  27  2:17  Overlord  
  27  2:20  Drone  
  28  2:38  Drone x4  
  32  2:45  Drone  
  33  2:52  Hatchery  
  33  2:56  Drone  
Tags
 
Add a new tag
Caveats
  • Supply blocks, unpowered buildings, or Contaminate may cause inaccurate times.
  • Supply counts are checked every 10 seconds.